AoeStats
← 柳巷镇清一色

Hill Fort

506091819Analyzed
3v3 RM · 21d ago on Sep 12, 2026· 52m 52s· 6 players
Game mode
Random Map
Map size
Normal (6 player)
Population
200
Speed
Normal
Resources
Standard
Victory
Conquest
Starting age
Dark Age
Ending age
Imperial Age
RankedLock teamsTeams togetherTeam positionsShared explorationLock speedFull tech treeHidden civsTurbo modeCheats
Victory
Defeat
🇦🇺 Magyars · Australia
841
+11
🇦🇺 Mongols · Australia
792
+13
🇦🇺 Goths · Australia
753
+15
🇷🇺 Slavs · Russia
769
-15
🇪🇸 Turks · Spain
748
-14
🇨🇳 Teutons · China
661
-10
柳巷镇清一色
10:10 Feudal Age
8:59 Loom
20:06 Double-Bit Axe
20:14 Horse Collar
25:51 Castle Age
25:12 Gold Mining
29:25 Stone Mining
39:22 Imperial Age
39:33 Imperial Age
39:27 Ballistics
44:15 Heavy Scorpion
PROIskAnder
12:14 Feudal Age
12:48 Double-Bit Axe
12:47 Horse Collar
21:42 Castle Age
20:09 Stone Mining
21:07 Scale Mail Armor
21:21 Forging
21:11 Gold Mining
21:15 Man-at-Arms
23:26 Squires
23:45 Bow Saw
24:04 Long Swordsman
25:42 Pikeman
26:42 Fletching
27:43 Gold Shaft Mining
27:59 Wheelbarrow
27:13 Loom
28:50 Heavy Plow
30:05 Caravan
30:38 Coinage
33:29 Bodkin Arrow
34:57 Hand Cart
35:28 Town Watch
39:29 Imperial Age
38:10 Town Patrol
38:13 Detinets
39:35 Iron Casting
39:07 Scale Barding Armor
39:42 Chain Mail Armor
41:55 Blast Furnace
42:01 Hoardings
41:47 Conscription
49:20 Bloodlines
49:11 Husbandry
48:32 Light Cavalry
50:44 Hussar
benat_95
14:26 Feudal Age
21:19 Castle Age
19:25 Horse Collar
19:34 Double-Bit Axe
25:56 Imperial Age
25:31 Heavy Plow
26:24 Bow Saw
28:38 Two-Man Saw
28:13 Bombard Tower
28:18 Stone Mining
28:19 Gold Mining
30:26 Bloodlines
31:25 Forging
33:26 Scale Barding Armor
35:08 Murder Holes
36:37 Scale Mail Armor
38:47 Husbandry
39:14 Heavy Camel Rider
42:50 Iron Casting
42:36 Chain Barding Armor
42:17 Padded Archer Armor
43:10 Artillery
44:23 Arrowslits
45:06 Ballistics
44:58 Masonry
48:14 Wheelbarrow
BOLLOTHAMUS
11:03 Feudal Age
11:56 Double-Bit Axe
11:58 Horse Collar
21:18 Castle Age
21:17 Fletching
21:24 Fletching
24:32 Gold Mining
25:39 Stone Mining
27:17 Stone Shaft Mining
29:48 Wheelbarrow
32:40 Imperial Age
31:06 Gold Shaft Mining
31:30 Scale Barding Armor
31:31 Husbandry
32:32 Loom
33:50 Heavy Plow
34:09 Bow Saw
34:43 Bodkin Arrow
35:09 Chain Barding Armor
35:03 Bloodlines
35:56 Chemistry
35:37 Ballistics
35:50 Conscription
36:26 Hand Cart
36:39 Thumb Ring
38:50 Elite Mangudai
43:15 Bracer
43:27 Forging
Sheep
11:52 Feudal Age
12:04 Feudal Age
13:41 Man-at-Arms
17:12 Arson
19:50 Double-Bit Axe
20:20 Horse Collar
23:16 Castle Age
21:41 Scale Barding Armor
22:38 Gold Mining
22:52 Stone Mining
24:36 Bow Saw
24:30 Heavy Plow
24:54 Chain Barding Armor
25:31 Corvinian Army
26:26 Wheelbarrow
27:29 Treadmill Crane
33:00 Thumb Ring
34:33 Hand Cart
37:54 Loom
40:54 Imperial Age
39:47 Gold Shaft Mining
42:32 Conscription
42:50 Plate Barding Armor
42:22 Fletching
42:33 Padded Archer Armor
42:06 Elite Magyar Huszar
43:39 Recurve Bow
44:10 Parthian Tactics
44:21 Ballistics
45:02 Chemistry
45:40 Hoardings
47:18 Bodkin Arrow
47:39 Leather Archer Armor
47:55 Crop Rotation
47:45 Husbandry
47:09 Onager
48:19 Bracer
51:44 Ring Archer Armor
52:12 Siege Engineers
JRadgamemnon
11:16 Feudal Age
13:00 Loom
12:57 Man-at-Arms
20:18 Double-Bit Axe
27:31 Castle Age
28:26 Forging
28:18 Scale Mail Armor
28:58 Gold Mining
28:58 Stone Mining
32:29 Imperial Age
31:33 Pikeman
32:15 Squires
32:30 Anarchy
34:15 Stone Shaft Mining
34:44 Perfusion
35:29 Iron Casting
35:31 Halberdier
39:04 Wheelbarrow
38:15 Town Watch
44:56 Hand Cart
45:53 Bow Saw
51:30 Town Patrol
Connection lost

Rejoining the realm…

Still unreachable

The connection could not be restored.

Session expired

The server has moved on; the page needs a fresh start.